WCHLSIM.com - West Coast Hockey League
html PUBLIC "-//W3C//DTD XHTML 1.0 Transitional//EN" "http://www.w3.org/TR/xhtml1/DTD/xhtml1-transitional.dtd"> WCHL - Game 609 - COLORADO GLACIERCATS vs KANSAS CITY KILLERBEES

COLORADO GLACIERCATS vs KANSAS CITY KILLERBEES

Created - 14 janvier 2023 at 12:19

Goals
1 2 3 T
COLORADO GLACIERCATS 1 0 1 2
KANSAS CITY KILLERBEES 1 0 0 1
Shots
1 2 3 T
COLORADO GLACIERCATS 17 8 19 44
KANSAS CITY KILLERBEES 4 11 1 16

1st period

1. KANSAS CITY KILLERBEES , Tyler Johnson 6 (Cam Fowler 20, James van Riemsdyk 14) at 2:49 (PP)
2. COLORADO GLACIERCATS , Alex Iafallo 8 (Sam Reinhart 36, Tomas Hertl 27) at 9:27

Penalties :
Vladislav Gavrikov (COL) for Roughing (Minor) at 1:50, Keith Yandle (KCK) for Hooking (Minor) at 4:03, Nicolas Aube-Kubel (KCK) for Tripping (Minor) at 13:45, Ryan Dzingel (KCK) for Tripping (Minor) at 17:32, Luke Schenn (COL) for Holding (Minor) at 19:55

2nd period

No Goal

Penalties :
Keith Yandle (KCK) for Hooking (Minor) at 12:42, K'Andre Miller (KCK) for Roughing (Minor) at 19:17

3rd period

3. COLORADO GLACIERCATS , Alex Iafallo 9 (Sam Reinhart 37, Tomas Hertl 28) at 6:55

Penalties :
No Penalty

Goalie Stats

Marc-Andre Fleury (COL), 15 saves from 16 shots - (0,938), W, 18-9-4, 60:00 minutes
Ilya Samsonov (KCK), 42 saves from 44 shots - (0,955), L, 2-22-1, 60:00 minutes

Players Stats for COLORADO GLACIERCATS

Player Name              G  A  P  +/- PIM S  H  SB GA TA FO     MP     PP MP  PK MP  
------------------------------------------------------------------------------------
Alex Iafallo             2  0  2   2  0   7  1  0  0  0  0/2    18:57   0:00   1:27 
Blake Wheeler            0  0  0   0  0   4  0  0  0  0  3/6    20:59   5:12   0:00 
Brayden Schenn           0  0  0   0  0   7  3  0  0  0  4/7    20:59   5:12   0:00 
Dylan Samberg            0  0  0   0  0   0  0  0  0  0  0/0     0:00   0:00   0:00 
Gerald Mayhew            0  0  0   0  0   0  0  0  0  0  0/0     2:34   0:00   0:00 
Ilya Lyubushkin          0  0  0   2  0   0  2  1  0  0  0/0    13:09   0:00   1:03 
Jamie Benn               0  0  0   0  0   1  2  0  0  0  1/1    16:28   5:12   0:00 
Kevin Hayes              0  0  0   0  0   1  1  0  0  0  6/9    11:42   0:00   0:00 
Kristopher Letang        0  0  0   0  0   3  2  2  0  0  0/0    24:32   5:49   1:35 
Linus Sandin             0  0  0   0  0   0  0  1  0  0  1/1    11:42   0:00   0:00 
Luke Schenn              0  0  0   0  2   2  3  0  0  0  0/0    16:40   0:00   0:59 
Mario Ferraro            0  0  0   0  0   1  2  1  0  0  0/0    23:54   4:06   1:36 
Matthew Highmore         0  0  0   0  0   1  0  0  0  0  0/0     2:34   0:00   0:00 
Sam Reinhart             0  2  2   2  0   6  0  0  0  0  1/5    25:52   4:43   1:31 
Tage Thompson            0  0  0   0  0   5  0  0  0  0  16/24  22:01   4:43   1:31 
Tomas Hertl              0  2  2   2  0   4  1  0  0  0  23/30  23:14   4:43   1:27 
Vince Dunn               0  0  0   2  0   0  0  0  0  0  0/0    19:02   5:49   0:00 
Vladislav Gavrikov       0  0  0   0  2   2  0  1  0  0  0/0    22:41   4:06   0:43 

Players Stats for KANSAS CITY KILLERBEES

Player Name              G  A  P  +/- PIM S  H  SB GA TA FO     MP     PP MP  PK MP  
------------------------------------------------------------------------------------
Alexis Lafreniere        0  0  0   0  0   2  0  0  0  0  0/2    14:59   0:00   0:23 
Anders Bjork             0  0  0  -1  0   2  0  0  0  0  0/0    11:21   0:00   0:23 
Buddy Robinson           0  0  0  -1  0   1  2  0  0  0  0/1    15:25   1:13   0:00 
Cam Fowler               0  1  1  -1  0   1  1  2  0  0  0/0    25:47   1:49   6:29 
Colin Miller             0  0  0  -1  0   1  2  1  0  0  0/0    21:31   1:09   4:51 
Jacob Muzzin             0  0  0   0  0   0  4  3  0  0  0/0    15:29   0:00   1:22 
Jake Lucchini            0  0  0   0  0   0  0  0  0  0  2/6     7:21   0:00   0:00 
James van Riemsdyk       0  1  1   0  0   1  0  0  0  0  0/4    20:25   1:45   4:04 
K'Andre Miller           0  0  0  -1  2   1  4  2  0  0  0/0    24:08   1:49   4:51 
Keith Yandle             0  0  0  -1  4   0  3  0  0  0  0/0    18:00   1:09   2:17 
MacKenzie Entwistle      0  0  0   0  0   0  1  0  0  0  0/1     7:21   0:00   0:00 
Michael Chaput           0  0  0  -1  0   0  0  0  0  0  0/0    10:58   0:00   0:00 
Nicolas Aube-Kubel       0  0  0   0  2   3  1  0  0  0  0/0     7:20   0:00   0:00 
Ryan Dzingel             0  0  0  -1  2   2  0  0  0  0  1/2    15:24   1:13   0:00 
Tyler Johnson            1  0  1  -1  0   1  0  0  0  0  12/20  16:47   1:45   4:04 
Will Butcher             0  0  0   0  0   0  1  1  0  0  0/0    15:02   0:00   0:00 
Yegor Sharangovich       0  0  0  -1  0   0  0  1  0  0  5/17   20:53   1:13   5:28 
Zach Aston-Reese         0  0  0   0  0   1  1  0  0  0  10/32  21:49   1:45   5:28 

3 Stars

1 - Alex Iafallo (COL)
2 - Ilya Samsonov (KCK)
3 - Tomas Hertl (COL)

Power Play

COLORADO GLACIERCATS - 0 on 5 Attempt(s) - 0,00%
KANSAS CITY KILLERBEES - 1 on 2 Attempt(s) - 50,00%

Penalty Kill

COLORADO GLACIERCATS - 1 on 2 Attempt(s) - 50,00% - Score 0 goal in Penalty Kill
KANSAS CITY KILLERBEES - 5 on 5 Attempt(s) - 100,00% - Score 0 goal in Penalty Kill

Team Stat

COLORADO GLACIERCATS - Hits : 17 - Faceoff Wins : 55 - Blocked Shots : 6 - Penalty Minutes : 4
KANSAS CITY KILLERBEES - Hits : 20 - Faceoff Wins : 30 - Blocked Shots : 10 - Penalty Minutes : 10

Official

Referees : Sean MacFarlane and Dan O'Halloran
Linesman : Kyle Larson and Ryan Galloway

Game Notes

No Game Note

Finance

Level 1 -- Attendance: 6500 (100,00%) -- Ticket Income 975 000 $
Level 2 -- Attendance: 4124 (77,81%) -- Ticket Income 494 880 $
Level 3 -- Attendance: 1919 (76,76%) -- Ticket Income 172 710 $
Level 4 -- Attendance: 4200 (100,00%) -- Ticket Income 210 000 $
Luxury Box -- Attendance: 945 (92,65%) -- Ticket Income 274 050 $
Game was played at the Missouri Beehive Complex.
Total Attendance: 17688 (90,61%)
Total Ticket Income: 2 126 640 $
Other Expense: 21 266 $
Total Income: 2 105 374 $

COLORADO GLACIERCATS

5 vs 5 Forward 
   Center                   Left Wing                Right Wing               Time % Phy DF OF 
 1 Tomas Hertl              Alex Iafallo             Sam Reinhart             36     0   1  4  
 2 Tage Thompson            Brayden Schenn           Blake Wheeler            33     0   2  3  
 3 Kevin Hayes              Jamie Benn               Linus Sandin             27     0   3  2  
 4 Sam Reinhart             Matthew Highmore         Gerald Mayhew            4      0   3  2  

5 vs 5 Defense 
   Defense                  Defense                                           Time % Phy DF OF 
 1 Kristopher Letang        Luke Schenn                                       34     0   3  2  
 2 Vladislav Gavrikov       Mario Ferraro                                     34     0   3  2  
 3 Ilya Lyubushkin          Vince Dunn                                        25     1   3  1  
 4 Vince Dunn               Kristopher Letang                                 7      0   2  3  

PowerPlay Forward 
   Center                   Left Wing                Right Wing               Time % Phy DF OF 
 1 Tomas Hertl              Tage Thompson            Sam Reinhart             55     0   0  5  
 2 Brayden Schenn           Jamie Benn               Blake Wheeler            45     1   0  4  

PowerPlay Defense
   Defense                  Defense                                           Time % Phy DF OF 
 1 Kristopher Letang        Vince Dunn                                        60     0   1  4  
 2 Mario Ferraro            Vladislav Gavrikov                                40     0   2  3  

Penalty Kill 4 Players Forward 
   Center                   Wing                     Time % Phy DF OF 
 1 Tomas Hertl              Alex Iafallo             50     0   4  1  
 2 Tage Thompson            Sam Reinhart             50     0   4  1  

Penalty Kill 4 Players Defense
   Defense                  Defense                  Time % Phy DF OF 
 1 Luke Schenn              Mario Ferraro            50     1   4  0  
 2 Kristopher Letang        Vladislav Gavrikov       50     1   4  0  

Penalty Kill - 3 Players Forward 
   Forward                                           Time % Phy DF OF 
 1 Brayden Schenn                                    50     0   5  0  
 2 Tomas Hertl                                       50     0   5  0  

Penalty Kill - 3 Players Defense
   Defense                  Defense                  Time % Phy DF OF 
 1 Luke Schenn              Mario Ferraro            50     0   5  0  
 2 Kristopher Letang        Vladislav Gavrikov       50     0   5  0  

4 vs 4 Forward 
   Center                   Wing                     Time % Phy DF OF 
 1 Tomas Hertl              Tage Thompson            50     0   1  4  
 2 Sam Reinhart             Blake Wheeler            50     0   1  4  

4 vs 4 Defense
   Defense                  Defense                  Time % Phy DF OF 
 1 Kristopher Letang        Vince Dunn               45     0   3  2  
 2 Mario Ferraro            Vladislav Gavrikov       55     0   3  2  

Last Minutes Offensive
   Center                   Left Wing                Right Wing               Defense                  Defense                  
   Tomas Hertl              Tage Thompson            Sam Reinhart             Kristopher Letang        Vince Dunn               

Last Minutes Defensive
   Center                   Left Wing                Right Wing               Defense                  Defense                  
   Tomas Hertl              Alex Iafallo             Sam Reinhart             Mario Ferraro            Kristopher Letang        

Goaltenders
Starting : Marc-Andre Fleury        
Backup : Kaapo Kahkonen           

Extra Forwards
Normal : Sam Reinhart, Tage Thompson, Blake Wheeler - PP : Alex Iafallo, Kevin Hayes - PK : Kevin Hayes
Extra Defensemen
Normal : Dylan Samberg, Vince Dunn, Luke Schenn - PP : Kristopher Letang - PK : Luke Schenn, Ilya Lyubushkin
Penalty Shots
Tomas Hertl, Sam Reinhart, Blake Wheeler, Brayden Schenn, Tage Thompson
Custom OT Lines Forwards
Sam Reinhart, Tage Thompson, Tomas Hertl, Blake Wheeler, Brayden Schenn, Alex Iafallo, Kevin Hayes, Jamie Benn, Matthew Highmore, Gerald Mayhew
Custom OT Lines Defensemen
Kristopher Letang, Vince Dunn, Vladislav Gavrikov, Mario Ferraro, Luke Schenn

Scratches
Devon Toews (Sprained Right Knee Injury), Leon Draisaitl (Lacerated Right Calf Injury), Ross Johnston (Left Hip Injury)

KANSAS CITY KILLERBEES

5 vs 5 Forward 
   Center                   Left Wing                Right Wing               Time % Phy DF OF 
 1 Zach Aston-Reese         James van Riemsdyk       Alexis Lafreniere        36     1   2  2  
 2 Yegor Sharangovich       Ryan Dzingel             Buddy Robinson           31     1   2  2  
 3 Tyler Johnson            Michael Chaput           Anders Bjork             23     1   2  2  
 4 Jake Lucchini            Nicolas Aube-Kubel       MacKenzie Entwistle      10     1   2  2  

5 vs 5 Defense 
   Defense                  Defense                                           Time % Phy DF OF 
 1 Cam Fowler               K'Andre Miller                                    36     1   2  2  
 2 Colin Miller             Keith Yandle                                      31     1   2  2  
 3 Will Butcher             Jacob Muzzin                                      23     1   2  2  
 4 Cam Fowler               K'Andre Miller                                    10     1   2  2  

PowerPlay Forward 
   Center                   Left Wing                Right Wing               Time % Phy DF OF 
 1 Tyler Johnson            James van Riemsdyk       Zach Aston-Reese         55     1   2  2  
 2 Yegor Sharangovich       Ryan Dzingel             Buddy Robinson           45     1   2  2  

PowerPlay Defense
   Defense                  Defense                                           Time % Phy DF OF 
 1 Cam Fowler               K'Andre Miller                                    55     1   2  2  
 2 Colin Miller             Keith Yandle                                      45     1   2  2  

Penalty Kill 4 Players Forward 
   Center                   Wing                     Time % Phy DF OF 
 1 Zach Aston-Reese         Yegor Sharangovich       55     1   2  2  
 2 James van Riemsdyk       Tyler Johnson            45     1   2  2  

Penalty Kill 4 Players Defense
   Defense                  Defense                  Time % Phy DF OF 
 1 Cam Fowler               K'Andre Miller           55     1   2  2  
 2 Colin Miller             Keith Yandle             45     1   2  2  

Penalty Kill - 3 Players Forward 
   Forward                                           Time % Phy DF OF 
 1 James van Riemsdyk                                55     1   2  2  
 2 Yegor Sharangovich                                45     1   2  2  

Penalty Kill - 3 Players Defense
   Defense                  Defense                  Time % Phy DF OF 
 1 Cam Fowler               K'Andre Miller           55     1   2  2  
 2 Colin Miller             Keith Yandle             45     1   2  2  

4 vs 4 Forward 
   Center                   Wing                     Time % Phy DF OF 
 1 Tyler Johnson            Yegor Sharangovich       55     1   2  2  
 2 James van Riemsdyk       Michael Chaput           45     1   2  2  

4 vs 4 Defense
   Defense                  Defense                  Time % Phy DF OF 
 1 Cam Fowler               K'Andre Miller           55     1   2  2  
 2 Colin Miller             Keith Yandle             45     1   2  2  

Last Minutes Offensive
   Center                   Left Wing                Right Wing               Defense                  Defense                  
   Zach Aston-Reese         James van Riemsdyk       Alexis Lafreniere        Cam Fowler               K'Andre Miller           

Last Minutes Defensive
   Center                   Left Wing                Right Wing               Defense                  Defense                  
   Zach Aston-Reese         James van Riemsdyk       Alexis Lafreniere        Cam Fowler               K'Andre Miller           

Goaltenders
Starting : Ilya Samsonov            
Backup : Casey DeSmith            

Extra Forwards
Normal : Tyler Johnson, Michael Chaput, Anders Bjork - PP : Tyler Johnson, Michael Chaput - PK : Anders Bjork
Extra Defensemen
Normal : Will Butcher, Cam Fowler, Colin Miller - PP : Will Butcher - PK : K'Andre Miller, Colin Miller
Penalty Shots
Michael Chaput, Yegor Sharangovich, James van Riemsdyk, Zach Aston-Reese, Tyler Johnson
Custom OT Lines Forwards
Zach Aston-Reese, Yegor Sharangovich, James van Riemsdyk, Alexis Lafreniere, Tyler Johnson, Ryan Dzingel, Michael Chaput, Buddy Robinson, Anders Bjork, Jake Lucchini
Custom OT Lines Defensemen
Cam Fowler, K'Andre Miller, Colin Miller, Keith Yandle, Will Butcher

Scratches
Devante Smith-Pelly (Healthy), Egor Zamula (Healthy), Jakub Zboril (Bruised Left Leg Injury), Maxwell Willman (Healthy), Brett Connolly (Healthy)

% Time on Ice - COLORADO GLACIERCATS

Lines # - Real PCT - Wanted PCT - Time Play
Normal Forward
1 - 36% - 36% - 16:45
2 - 34% - 33% - 15:47
3 - 25% - 27% - 11:42
4 - 5% - 4% - 2:34
Normal Defense
1 - 34% - 34% - 15:42
2 - 38% - 34% - 17:53
3 - 26% - 25% - 12:06
4 - 2% - 7% - 1:07
PP Forward
1 - 48% - 55% - 4:43
2 - 52% - 45% - 5:12
PP Defense
1 - 59% - 60% - 5:49
2 - 41% - 40% - 4:06
PK Forward
1 - 49% - 50% - 1:27
2 - 51% - 50% - 1:31
PK Defense
1 - 54% - 50% - 1:36
2 - 46% - 50% - 1:22
PK3 Forward
1 - 0% - 50%
2 - 0% - 50%
PK3 Defense
1 - 0% - 50%
2 - 0% - 50%
44 Forward
1 - 0% - 50%
2 - 0% - 50%
44 Defense
1 - 0% - 45%
2 - 0% - 55%
Last Minute Offensive  - 0:00
Last Minute Defensive  - 0:19
Total
Forward - 60:00
Defense - 60:00

% Time on Ice - KANSAS CITY KILLERBEES

Lines # - Real PCT - Wanted PCT - Time Play
Normal Forward
1 - 30% - 36% - 13:41
2 - 31% - 31% - 14:12
3 - 24% - 23% - 10:58
4 - 16% - 10% - 7:21
Normal Defense
1 - 33% - 36% - 15:26
2 - 32% - 31% - 14:36
3 - 31% - 23% - 14:07
4 - 4% - 10% - 2:03
PP Forward
1 - 59% - 55% - 1:45
2 - 41% - 45% - 1:13
PP Defense
1 - 61% - 55% - 1:49
2 - 39% - 45% - 1:09
PK Forward
1 - 59% - 55% - 5:51
2 - 41% - 45% - 4:04
PK Defense
1 - 58% - 55% - 5:43
2 - 42% - 45% - 4:12
PK3 Forward
1 - 0% - 55%
2 - 0% - 45%
PK3 Defense
1 - 0% - 55%
2 - 0% - 45%
44 Forward
1 - 0% - 55%
2 - 0% - 45%
44 Defense
1 - 0% - 55%
2 - 0% - 45%
Last Minute Offensive  - 0:55
Last Minute Defensive  - 0:00
Total
Forward - 60:00
Defense - 60:00

Play-by-Play

1st period


0:01 of 1st period - Tomas Hertl wins face-off versus Zach Aston-Reese in neutral zone.
0:28 of 1st period - Shot by James van Riemsdyk.
0:28 of 1st period - Deflect By Alexis Lafreniere.
0:28 of 1st period - Shot Misses the Net.
0:52 of 1st period - Icing by K'Andre Miller.
0:53 of 1st period - Tage Thompson wins face-off versus Zach Aston-Reese in KANSAS CITY KILLERBEES zone.
0:53 of 1st period - Brayden Schenn is hit by K'Andre Miller and loses puck.
0:59 of 1st period - Icing by Cam Fowler.
1:00 of 1st period - Linus Sandin wins face-off versus Zach Aston-Reese in KANSAS CITY KILLERBEES zone.
1:00 of 1st period - Linus Sandin is hit by Cam Fowler.
1:14 of 1st period - Shot by Jamie Benn.
1:14 of 1st period - Shot Misses the Net.
1:30 of 1st period - Off-side.
1:31 of 1st period - Tage Thompson wins face-off versus Yegor Sharangovich in neutral zone.
1:50 of 1st period - Minor Penalty to Vladislav Gavrikov for Roughing.
1:51 of 1st period - Tomas Hertl wins face-off versus Yegor Sharangovich in COLORADO GLACIERCATS zone.
2:01 of 1st period - Tage Thompson is hit by Colin Miller and loses puck.
2:37 of 1st period - Shot by K'Andre Miller.
2:37 of 1st period - Deflect By James van Riemsdyk.
2:37 of 1st period - Shot Blocked by Mario Ferraro.
2:39 of 1st period - Shot by K'Andre Miller.
2:39 of 1st period - Shot Misses the Net.
2:49 of 1st period - Shot by Tyler Johnson.
2:49 of 1st period - Goal by Tyler Johnson - COLORADO GLACIERCATS : 0 - KANSAS CITY KILLERBEES : 1.
2:50 of 1st period - Jake Lucchini wins face-off versus Kevin Hayes in neutral zone.
3:12 of 1st period - Shot by Nicolas Aube-Kubel.
3:12 of 1st period - Stopped by Marc-Andre Fleury with a rebound.
3:26 of 1st period - Shot by MacKenzie Entwistle.
3:26 of 1st period - Shot Misses the Net.
4:03 of 1st period - Minor Penalty to Keith Yandle for Hooking.
4:04 of 1st period - Tomas Hertl wins face-off versus Zach Aston-Reese in KANSAS CITY KILLERBEES zone.
4:21 of 1st period - Shot by Tomas Hertl.
4:21 of 1st period - Stopped by Ilya Samsonov without a rebound.
4:22 of 1st period - Blake Wheeler wins face-off versus James van Riemsdyk in KANSAS CITY KILLERBEES zone.
6:00 of 1st period - Shot by Zach Aston-Reese.
6:00 of 1st period - Stopped by Marc-Andre Fleury with a rebound.
6:02 of 1st period - Shot by Jacob Muzzin.
6:02 of 1st period - Shot Misses the Net.
6:08 of 1st period - Keith Yandle is hit by Jamie Benn.
7:31 of 1st period - Shot by Brayden Schenn.
7:31 of 1st period - Shot Misses the Net.
7:33 of 1st period - Shot by Tage Thompson.
7:33 of 1st period - Shot Misses the Net.
7:39 of 1st period - Shot by Blake Wheeler.
7:39 of 1st period - Shot Blocked by Yegor Sharangovich.
7:41 of 1st period - Shot by Brayden Schenn.
7:41 of 1st period - Stopped by Ilya Samsonov without a rebound.
7:42 of 1st period - Tyler Johnson wins face-off versus Tage Thompson in KANSAS CITY KILLERBEES zone.
7:42 of 1st period - Tyler Johnson is hit by Brayden Schenn.
8:00 of 1st period - Shot by Tage Thompson.
8:00 of 1st period - Stopped by Ilya Samsonov without a rebound.
8:01 of 1st period - Kevin Hayes wins face-off versus Zach Aston-Reese in KANSAS CITY KILLERBEES zone.
8:53 of 1st period - Shot by Tage Thompson.
8:53 of 1st period - Shot Misses the Net.
9:19 of 1st period - Shot by Brayden Schenn.
9:19 of 1st period - Shot Misses the Net.
9:21 of 1st period - Shot by Luke Schenn.
9:21 of 1st period - Stopped by Ilya Samsonov without a rebound.
9:22 of 1st period - Tomas Hertl wins face-off versus Yegor Sharangovich in KANSAS CITY KILLERBEES zone.
9:27 of 1st period - Shot by Alex Iafallo.
9:27 of 1st period - Goal by Alex Iafallo - COLORADO GLACIERCATS : 1 - KANSAS CITY KILLERBEES : 1.
9:28 of 1st period - Tomas Hertl wins face-off versus Yegor Sharangovich in neutral zone.
9:30 of 1st period - Sam Reinhart is hit by Buddy Robinson and loses puck.
9:40 of 1st period - Yegor Sharangovich is hit by Ilya Lyubushkin and loses puck.
9:55 of 1st period - Shot by Yegor Sharangovich.
9:55 of 1st period - Shot Misses the Net.
10:08 of 1st period - Alex Iafallo is hit by Colin Miller and loses puck.
10:20 of 1st period - Icing by Vince Dunn.
10:21 of 1st period - Tyler Johnson wins face-off versus Tomas Hertl in COLORADO GLACIERCATS zone.
10:24 of 1st period - Shot by Tyler Johnson.
10:24 of 1st period - Shot Blocked by Ilya Lyubushkin.
10:26 of 1st period - Shot by Anders Bjork.
10:26 of 1st period - Stopped by Marc-Andre Fleury without a rebound.
10:27 of 1st period - Tage Thompson wins face-off versus Tyler Johnson in COLORADO GLACIERCATS zone.
10:31 of 1st period - Icing by Brayden Schenn.
10:32 of 1st period - Tyler Johnson wins face-off versus Blake Wheeler in COLORADO GLACIERCATS zone.
11:09 of 1st period - Tyler Johnson is hit by Luke Schenn and loses puck.
11:21 of 1st period - Tage Thompson is hit by Jacob Muzzin and loses puck.
11:37 of 1st period - Sam Reinhart is hit by Will Butcher and loses puck.
11:48 of 1st period - Alex Iafallo is hit by Jacob Muzzin and loses puck.
11:57 of 1st period - Shot by Alex Iafallo.
11:57 of 1st period - Stopped by Ilya Samsonov without a rebound.
11:58 of 1st period - Ryan Dzingel wins face-off versus Kevin Hayes in KANSAS CITY KILLERBEES zone.
12:36 of 1st period - Shot by Kevin Hayes.
12:36 of 1st period - Shot Misses the Net.
13:15 of 1st period - Shot by Sam Reinhart.
13:15 of 1st period - Stopped by Ilya Samsonov without a rebound.
13:16 of 1st period - Tage Thompson wins face-off versus Zach Aston-Reese in KANSAS CITY KILLERBEES zone.
13:22 of 1st period - Blake Wheeler is hit by K'Andre Miller and loses puck.
13:29 of 1st period - Shot by Brayden Schenn.
13:29 of 1st period - Stopped by Ilya Samsonov without a rebound.
13:30 of 1st period - Jake Lucchini wins face-off versus Sam Reinhart in KANSAS CITY KILLERBEES zone.
13:45 of 1st period - Minor Penalty to Nicolas Aube-Kubel for Tripping.
13:46 of 1st period - Zach Aston-Reese wins face-off versus Brayden Schenn in KANSAS CITY KILLERBEES zone.
13:51 of 1st period - Shot by Brayden Schenn.
13:51 of 1st period - Stopped by Ilya Samsonov without a rebound.
13:52 of 1st period - Tomas Hertl wins face-off versus Zach Aston-Reese in KANSAS CITY KILLERBEES zone.
14:03 of 1st period - Shot by Kristopher Letang.
14:03 of 1st period - Shot Misses the Net.
14:49 of 1st period - Off-side.
14:50 of 1st period - Zach Aston-Reese wins face-off versus Blake Wheeler in neutral zone.
15:01 of 1st period - Shot by Vladislav Gavrikov.
15:01 of 1st period - Stopped by Ilya Samsonov with a rebound.
15:32 of 1st period - Shot by Blake Wheeler.
15:32 of 1st period - Stopped by Ilya Samsonov without a rebound.
15:33 of 1st period - Tomas Hertl wins face-off versus Zach Aston-Reese in KANSAS CITY KILLERBEES zone.
15:38 of 1st period - Shot by Kristopher Letang.
15:38 of 1st period - Stopped by Ilya Samsonov without a rebound.
15:39 of 1st period - Tomas Hertl wins face-off versus Zach Aston-Reese in KANSAS CITY KILLERBEES zone.
15:44 of 1st period - Shot by Tage Thompson.
15:44 of 1st period - Stopped by Ilya Samsonov with a rebound.
15:59 of 1st period - Icing by Kristopher Letang.
16:00 of 1st period - Tyler Johnson wins face-off versus Sam Reinhart in COLORADO GLACIERCATS zone.
16:13 of 1st period - Shot by Tyler Johnson.
16:13 of 1st period - Deflect By Anders Bjork.
16:13 of 1st period - Shot Misses the Net.
16:30 of 1st period - Off-side.
16:31 of 1st period - Zach Aston-Reese wins face-off versus Tage Thompson in neutral zone.
17:09 of 1st period - Shot by Blake Wheeler.
17:09 of 1st period - Stopped by Ilya Samsonov with a rebound.
17:11 of 1st period - Shot by Mario Ferraro.
17:11 of 1st period - Stopped by Ilya Samsonov without a rebound.
17:12 of 1st period - Tomas Hertl wins face-off versus Yegor Sharangovich in KANSAS CITY KILLERBEES zone.
17:32 of 1st period - Minor Penalty to Ryan Dzingel for Tripping.
17:33 of 1st period - Zach Aston-Reese wins face-off versus Brayden Schenn in KANSAS CITY KILLERBEES zone.
17:33 of 1st period - Zach Aston-Reese is hit by Brayden Schenn.
17:45 of 1st period - Shot by Kristopher Letang.
17:45 of 1st period - Stopped by Ilya Samsonov with a rebound.
18:23 of 1st period - Icing by Sam Reinhart.
18:24 of 1st period - Tomas Hertl wins face-off versus James van Riemsdyk in COLORADO GLACIERCATS zone.
19:03 of 1st period - Shot by Tomas Hertl.
19:03 of 1st period - Shot Misses the Net.
19:05 of 1st period - Shot by Mario Ferraro.
19:05 of 1st period - Shot Blocked by Colin Miller.
19:07 of 1st period - Shot by Tomas Hertl.
19:07 of 1st period - Stopped by Ilya Samsonov without a rebound.
19:08 of 1st period - Brayden Schenn wins face-off versus Zach Aston-Reese in KANSAS CITY KILLERBEES zone.
19:53 of 1st period - MacKenzie Entwistle is hit by Kristopher Letang and loses puck.
19:55 of 1st period - Minor Penalty to Luke Schenn for Holding.
19:56 of 1st period - Tomas Hertl wins face-off versus Yegor Sharangovich in COLORADO GLACIERCATS zone.
Goals for this period are 1 for COLORADO GLACIERCATS vs 1 for KANSAS CITY KILLERBEES.
Shots for this period are 17 for COLORADO GLACIERCATS vs 4 for KANSAS CITY KILLERBEES.

2nd period


0:01 of 2nd period - Tyler Johnson wins face-off versus Tomas Hertl in neutral zone.
0:30 of 2nd period - Shot by James van Riemsdyk.
0:30 of 2nd period - Shot Misses the Net.
0:32 of 2nd period - Shot by Cam Fowler.
0:32 of 2nd period - Stopped by Marc-Andre Fleury without a rebound.
0:33 of 2nd period - Yegor Sharangovich wins face-off versus Alex Iafallo in COLORADO GLACIERCATS zone.
1:06 of 2nd period - Shot by Colin Miller.
1:06 of 2nd period - Stopped by Marc-Andre Fleury without a rebound.
1:07 of 2nd period - Tyler Johnson wins face-off versus Tomas Hertl in COLORADO GLACIERCATS zone.
1:18 of 2nd period - Alex Iafallo is hit by Zach Aston-Reese and loses puck.
1:53 of 2nd period - Icing by Cam Fowler.
1:54 of 2nd period - Tyler Johnson wins face-off versus Tage Thompson in KANSAS CITY KILLERBEES zone.
1:56 of 2nd period - Icing by Zach Aston-Reese.
1:57 of 2nd period - Yegor Sharangovich wins face-off versus Alex Iafallo in KANSAS CITY KILLERBEES zone.
2:11 of 2nd period - Icing by Mario Ferraro.
2:12 of 2nd period - Tomas Hertl wins face-off versus Jake Lucchini in COLORADO GLACIERCATS zone.
2:12 of 2nd period - Tomas Hertl is hit by Nicolas Aube-Kubel.
2:32 of 2nd period - Shot by Sam Reinhart.
2:32 of 2nd period - Shot Blocked by Will Butcher.
2:41 of 2nd period - Alex Iafallo is hit by Jacob Muzzin.
3:29 of 2nd period - Icing by Blake Wheeler.
3:30 of 2nd period - Brayden Schenn wins face-off versus Buddy Robinson in COLORADO GLACIERCATS zone.
4:53 of 2nd period - Icing by Ilya Lyubushkin.
4:54 of 2nd period - Kevin Hayes wins face-off versus Tyler Johnson in COLORADO GLACIERCATS zone.
5:34 of 2nd period - Shot by Alex Iafallo.
5:34 of 2nd period - Shot Misses the Net.
5:56 of 2nd period - Shot by Alex Iafallo.
5:56 of 2nd period - Stopped by Ilya Samsonov with a rebound.
6:17 of 2nd period - Icing by Luke Schenn.
6:18 of 2nd period - Tage Thompson wins face-off versus Jake Lucchini in COLORADO GLACIERCATS zone.
6:18 of 2nd period - Tage Thompson is hit by MacKenzie Entwistle.
6:26 of 2nd period - Shot by Brayden Schenn.
6:26 of 2nd period - Stopped by Ilya Samsonov without a rebound.
6:27 of 2nd period - Blake Wheeler wins face-off versus MacKenzie Entwistle in KANSAS CITY KILLERBEES zone.
6:29 of 2nd period - Brayden Schenn is hit by K'Andre Miller.
6:45 of 2nd period - Shot by Nicolas Aube-Kubel.
6:45 of 2nd period - Stopped by Marc-Andre Fleury with a rebound.
6:47 of 2nd period - Shot by K'Andre Miller.
6:47 of 2nd period - Stopped by Marc-Andre Fleury without a rebound.
6:48 of 2nd period - Zach Aston-Reese wins face-off versus Tomas Hertl in COLORADO GLACIERCATS zone.
7:07 of 2nd period - Shot by Sam Reinhart.
7:07 of 2nd period - Stopped by Ilya Samsonov without a rebound.
7:08 of 2nd period - Tage Thompson wins face-off versus Yegor Sharangovich in KANSAS CITY KILLERBEES zone.
7:09 of 2nd period - Shot by Brayden Schenn.
7:09 of 2nd period - Stopped by Ilya Samsonov with a rebound.
8:21 of 2nd period - Shot by James van Riemsdyk.
8:21 of 2nd period - Shot Misses the Net.
8:35 of 2nd period - Shot by Zach Aston-Reese.
8:35 of 2nd period - Shot Misses the Net.
8:44 of 2nd period - Off-side.
8:45 of 2nd period - Tomas Hertl wins face-off versus Tyler Johnson in neutral zone.
8:55 of 2nd period - Shot by Sam Reinhart.
8:55 of 2nd period - Shot Misses the Net.
9:19 of 2nd period - Shot by Sam Reinhart.
9:19 of 2nd period - Stopped by Ilya Samsonov without a rebound.
9:20 of 2nd period - Kevin Hayes wins face-off versus Yegor Sharangovich in KANSAS CITY KILLERBEES zone.
9:41 of 2nd period - Shot by Ryan Dzingel.
9:41 of 2nd period - Shot Blocked by Linus Sandin.
9:43 of 2nd period - Shot by Ryan Dzingel.
9:43 of 2nd period - Stopped by Marc-Andre Fleury with a rebound.
9:48 of 2nd period - Ryan Dzingel is hit by Ilya Lyubushkin and loses puck.
9:51 of 2nd period - Shot by Buddy Robinson.
9:51 of 2nd period - Stopped by Marc-Andre Fleury without a rebound.
9:52 of 2nd period - Tomas Hertl wins face-off versus Zach Aston-Reese in COLORADO GLACIERCATS zone.
9:58 of 2nd period - Shot by James van Riemsdyk.
9:58 of 2nd period - Shot Misses the Net.
10:00 of 2nd period - Shot by Alexis Lafreniere.
10:00 of 2nd period - Stopped by Marc-Andre Fleury without a rebound.
10:01 of 2nd period - Tomas Hertl wins face-off versus Zach Aston-Reese in COLORADO GLACIERCATS zone.
10:39 of 2nd period - K'Andre Miller is hit by Luke Schenn.
11:21 of 2nd period - Shot by Brayden Schenn.
11:21 of 2nd period - Stopped by Ilya Samsonov without a rebound.
11:22 of 2nd period - Kevin Hayes wins face-off versus Tyler Johnson in KANSAS CITY KILLERBEES zone.
11:37 of 2nd period - Shot by Kevin Hayes.
11:37 of 2nd period - Shot Blocked by Jacob Muzzin.
11:58 of 2nd period - Shot by Kevin Hayes.
11:58 of 2nd period - Shot Misses the Net.
12:40 of 2nd period - Tomas Hertl is hit by Keith Yandle and loses puck.
12:42 of 2nd period - Minor Penalty to Keith Yandle for Hooking.
12:43 of 2nd period - Brayden Schenn wins face-off versus Zach Aston-Reese in KANSAS CITY KILLERBEES zone.
12:59 of 2nd period - Blake Wheeler is hit by K'Andre Miller and loses puck.
13:14 of 2nd period - Cam Fowler is hit by Jamie Benn and loses puck.
14:05 of 2nd period - Tage Thompson is hit by Jacob Muzzin and loses puck.
15:07 of 2nd period - Shot by Nicolas Aube-Kubel.
15:07 of 2nd period - Stopped by Marc-Andre Fleury without a rebound.
15:08 of 2nd period - Tyler Johnson wins face-off versus Sam Reinhart in COLORADO GLACIERCATS zone.
15:19 of 2nd period - Shot by Sam Reinhart.
15:19 of 2nd period - Stopped by Ilya Samsonov without a rebound.
15:20 of 2nd period - Tage Thompson wins face-off versus Zach Aston-Reese in KANSAS CITY KILLERBEES zone.
15:56 of 2nd period - Icing by Vladislav Gavrikov.
15:57 of 2nd period - Tage Thompson wins face-off versus Ryan Dzingel in COLORADO GLACIERCATS zone.
16:47 of 2nd period - Colin Miller is hit by Tomas Hertl and loses puck.
17:26 of 2nd period - Linus Sandin is hit by Buddy Robinson and loses puck.
17:46 of 2nd period - Icing by Ilya Lyubushkin.
17:47 of 2nd period - Kevin Hayes wins face-off versus Zach Aston-Reese in COLORADO GLACIERCATS zone.
18:02 of 2nd period - Shot by James van Riemsdyk.
18:02 of 2nd period - Stopped by Marc-Andre Fleury without a rebound.
18:03 of 2nd period - Blake Wheeler wins face-off versus Tyler Johnson in COLORADO GLACIERCATS zone.
18:05 of 2nd period - Icing by Brayden Schenn.
18:06 of 2nd period - Zach Aston-Reese wins face-off versus Tage Thompson in COLORADO GLACIERCATS zone.
18:09 of 2nd period - Shot by James van Riemsdyk.
18:09 of 2nd period - Shot Misses the Net.
18:27 of 2nd period - Shot by Alexis Lafreniere.
18:27 of 2nd period - Stopped by Marc-Andre Fleury without a rebound.
18:28 of 2nd period - Tyler Johnson wins face-off versus Tomas Hertl in COLORADO GLACIERCATS zone.
18:36 of 2nd period - Anders Bjork is hit by Kristopher Letang and loses puck.
18:41 of 2nd period - Shot by Tyler Johnson.
18:41 of 2nd period - Shot Misses the Net.
18:49 of 2nd period - Shot by Tyler Johnson.
18:49 of 2nd period - Shot Blocked by Kristopher Letang.
18:57 of 2nd period - Shot by Tyler Johnson.
18:57 of 2nd period - Shot Blocked by Kristopher Letang.
19:01 of 2nd period - Shot by Anders Bjork.
19:01 of 2nd period - Stopped by Marc-Andre Fleury without a rebound.
19:02 of 2nd period - Tage Thompson wins face-off versus Zach Aston-Reese in COLORADO GLACIERCATS zone.
19:17 of 2nd period - Minor Penalty to K'Andre Miller for Roughing.
19:18 of 2nd period - Zach Aston-Reese wins face-off versus Brayden Schenn in KANSAS CITY KILLERBEES zone.
19:54 of 2nd period - Shot by Kristopher Letang.
19:54 of 2nd period - Stopped by Ilya Samsonov without a rebound.
19:55 of 2nd period - Tomas Hertl wins face-off versus Zach Aston-Reese in KANSAS CITY KILLERBEES zone.
Goals for this period are 0 for COLORADO GLACIERCATS vs 0 for KANSAS CITY KILLERBEES.
Shots for this period are 8 for COLORADO GLACIERCATS vs 11 for KANSAS CITY KILLERBEES.

3rd period


0:01 of 3rd period - Tomas Hertl wins face-off versus Zach Aston-Reese in neutral zone.
0:38 of 3rd period - Shot by Sam Reinhart.
0:38 of 3rd period - Shot Misses the Net.
0:40 of 3rd period - Shot by Tage Thompson.
0:40 of 3rd period - Stopped by Ilya Samsonov without a rebound.
0:41 of 3rd period - Brayden Schenn wins face-off versus Zach Aston-Reese in KANSAS CITY KILLERBEES zone.
1:35 of 3rd period - Shot by Sam Reinhart.
1:35 of 3rd period - Stopped by Ilya Samsonov without a rebound.
1:36 of 3rd period - Yegor Sharangovich wins face-off versus Kevin Hayes in KANSAS CITY KILLERBEES zone.
1:36 of 3rd period - Yegor Sharangovich is hit by Kevin Hayes.
1:50 of 3rd period - Shot by Ryan Dzingel.
1:50 of 3rd period - Stopped by Marc-Andre Fleury without a rebound.
1:51 of 3rd period - Tage Thompson wins face-off versus Zach Aston-Reese in COLORADO GLACIERCATS zone.
2:08 of 3rd period - Shot by Tage Thompson.
2:08 of 3rd period - Stopped by Ilya Samsonov without a rebound.
2:09 of 3rd period - Yegor Sharangovich wins face-off versus Sam Reinhart in KANSAS CITY KILLERBEES zone.
2:09 of 3rd period - Yegor Sharangovich is hit by Alex Iafallo.
2:23 of 3rd period - Shot by Sam Reinhart.
2:23 of 3rd period - Stopped by Ilya Samsonov with a rebound.
2:48 of 3rd period - Tomas Hertl is hit by Keith Yandle and loses puck.
2:51 of 3rd period - Shot by Alex Iafallo.
2:51 of 3rd period - Stopped by Ilya Samsonov without a rebound.
2:52 of 3rd period - Tage Thompson wins face-off versus Zach Aston-Reese in KANSAS CITY KILLERBEES zone.
2:57 of 3rd period - Shot by Blake Wheeler.
2:57 of 3rd period - Deflect By Tage Thompson.
2:57 of 3rd period - Shot Blocked by Cam Fowler.
3:10 of 3rd period - Shot by Zach Aston-Reese.
3:10 of 3rd period - Shot Misses the Net.
3:17 of 3rd period - Icing by Blake Wheeler.
3:18 of 3rd period - Tyler Johnson wins face-off versus Tage Thompson in COLORADO GLACIERCATS zone.
3:47 of 3rd period - Icing by Will Butcher.
3:48 of 3rd period - Tomas Hertl wins face-off versus Tyler Johnson in KANSAS CITY KILLERBEES zone.
4:21 of 3rd period - Shot by Alex Iafallo.
4:21 of 3rd period - Stopped by Ilya Samsonov without a rebound.
4:22 of 3rd period - Jamie Benn wins face-off versus Zach Aston-Reese in KANSAS CITY KILLERBEES zone.
4:36 of 3rd period - Zach Aston-Reese is hit by Mario Ferraro and loses puck.
5:41 of 3rd period - Shot by Ryan Dzingel.
5:41 of 3rd period - Shot Blocked by Vladislav Gavrikov.
5:43 of 3rd period - Shot by Yegor Sharangovich.
5:43 of 3rd period - Shot Misses the Net.
5:45 of 3rd period - Shot by Yegor Sharangovich.
5:45 of 3rd period - Shot Misses the Net.
6:13 of 3rd period - Shot by Alex Iafallo.
6:13 of 3rd period - Shot Misses the Net.
6:24 of 3rd period - Shot by Alex Iafallo.
6:24 of 3rd period - Stopped by Ilya Samsonov without a rebound.
6:25 of 3rd period - Tyler Johnson wins face-off versus Tage Thompson in KANSAS CITY KILLERBEES zone.
6:31 of 3rd period - Icing by Tyler Johnson.
6:32 of 3rd period - Tomas Hertl wins face-off versus Tyler Johnson in KANSAS CITY KILLERBEES zone.
6:55 of 3rd period - Shot by Alex Iafallo.
6:55 of 3rd period - Goal by Alex Iafallo - COLORADO GLACIERCATS : 2 - KANSAS CITY KILLERBEES : 1.
6:56 of 3rd period - Zach Aston-Reese wins face-off versus Tage Thompson in neutral zone.
7:17 of 3rd period - Shot by Blake Wheeler.
7:17 of 3rd period - Stopped by Ilya Samsonov with a rebound.
7:19 of 3rd period - Shot by Luke Schenn.
7:19 of 3rd period - Stopped by Ilya Samsonov without a rebound.
7:20 of 3rd period - Yegor Sharangovich wins face-off versus Tomas Hertl in KANSAS CITY KILLERBEES zone.
7:22 of 3rd period - Icing by Cam Fowler.
7:23 of 3rd period - Tomas Hertl wins face-off versus Yegor Sharangovich in KANSAS CITY KILLERBEES zone.
7:54 of 3rd period - Icing by Cam Fowler.
7:55 of 3rd period - Tage Thompson wins face-off versus Yegor Sharangovich in KANSAS CITY KILLERBEES zone.
8:13 of 3rd period - Off-side.
8:14 of 3rd period - Zach Aston-Reese wins face-off versus Tomas Hertl in neutral zone.
8:16 of 3rd period - Alexis Lafreniere is hit by Mario Ferraro and loses puck.
8:47 of 3rd period - Shot by Tomas Hertl.
8:47 of 3rd period - Stopped by Ilya Samsonov without a rebound.
8:48 of 3rd period - Tage Thompson wins face-off versus Tyler Johnson in KANSAS CITY KILLERBEES zone.
8:57 of 3rd period - Shot by Blake Wheeler.
8:57 of 3rd period - Deflect By Tage Thompson.
8:57 of 3rd period - Stopped by Ilya Samsonov with a rebound.
9:26 of 3rd period - Off-side.
9:27 of 3rd period - Tomas Hertl wins face-off versus Yegor Sharangovich in neutral zone.
9:53 of 3rd period - Shot by Tomas Hertl.
9:53 of 3rd period - Shot Misses the Net.
10:27 of 3rd period - Shot by Jamie Benn.
10:27 of 3rd period - Stopped by Ilya Samsonov with a rebound.
11:01 of 3rd period - Shot by Vladislav Gavrikov.
11:01 of 3rd period - Stopped by Ilya Samsonov without a rebound.
11:02 of 3rd period - Tage Thompson wins face-off versus Alexis Lafreniere in KANSAS CITY KILLERBEES zone.
11:05 of 3rd period - Shot by Blake Wheeler.
11:05 of 3rd period - Stopped by Ilya Samsonov without a rebound.
11:06 of 3rd period - Zach Aston-Reese wins face-off versus Blake Wheeler in KANSAS CITY KILLERBEES zone.
11:33 of 3rd period - Colin Miller is hit by Brayden Schenn and loses puck.
11:40 of 3rd period - Shot by Tage Thompson.
11:40 of 3rd period - Shot Hit the Post.
11:49 of 3rd period - Brayden Schenn is hit by Keith Yandle and loses puck.
12:28 of 3rd period - Shot by Sam Reinhart.
12:28 of 3rd period - Shot Blocked by Jacob Muzzin.
12:30 of 3rd period - Shot by Vladislav Gavrikov.
12:30 of 3rd period - Shot Blocked by Jacob Muzzin.
12:57 of 3rd period - Icing by Vladislav Gavrikov.
12:58 of 3rd period - Tomas Hertl wins face-off versus Jake Lucchini in COLORADO GLACIERCATS zone.
13:55 of 3rd period - Shot by Kevin Hayes.
13:55 of 3rd period - Stopped by Ilya Samsonov with a rebound.
13:57 of 3rd period - Shot by Jamie Benn.
13:57 of 3rd period - Shot Blocked by Cam Fowler.
14:37 of 3rd period - Icing by Cam Fowler.
14:38 of 3rd period - Sam Reinhart wins face-off versus Jake Lucchini in KANSAS CITY KILLERBEES zone.
14:53 of 3rd period - Shot by Sam Reinhart.
14:53 of 3rd period - Deflect By Gerald Mayhew.
14:53 of 3rd period - Shot Blocked by K'Andre Miller.
14:55 of 3rd period - Shot by Sam Reinhart.
14:55 of 3rd period - Shot Blocked by K'Andre Miller.
14:57 of 3rd period - Shot by Matthew Highmore.
14:57 of 3rd period - Stopped by Ilya Samsonov without a rebound.
14:58 of 3rd period - Tage Thompson wins face-off versus Alexis Lafreniere in KANSAS CITY KILLERBEES zone.
15:18 of 3rd period - Icing by Mario Ferraro.
15:19 of 3rd period - Tage Thompson wins face-off versus Yegor Sharangovich in COLORADO GLACIERCATS zone.
15:54 of 3rd period - Shot by Brayden Schenn.
15:54 of 3rd period - Stopped by Ilya Samsonov with a rebound.
16:11 of 3rd period - Icing by Vince Dunn.
16:12 of 3rd period - Tomas Hertl wins face-off versus James van Riemsdyk in COLORADO GLACIERCATS zone.
16:27 of 3rd period - Shot by Tomas Hertl.
16:27 of 3rd period - Stopped by Ilya Samsonov with a rebound.
16:49 of 3rd period - Shot by Alexis Lafreniere.
16:49 of 3rd period - Deflect By James van Riemsdyk.
16:49 of 3rd period - Shot Misses the Net.
17:48 of 3rd period - Cam Fowler is hit by Luke Schenn and loses puck.
17:52 of 3rd period - Icing by Luke Schenn.
17:53 of 3rd period - Kevin Hayes wins face-off versus James van Riemsdyk in COLORADO GLACIERCATS zone.
18:01 of 3rd period - Off-side.
18:02 of 3rd period - Tyler Johnson wins face-off versus Tage Thompson in neutral zone.
Goals for this period are 1 for COLORADO GLACIERCATS vs 0 for KANSAS CITY KILLERBEES.
Shots for this period are 19 for COLORADO GLACIERCATS vs 1 for KANSAS CITY KILLERBEES.


DARCY
KUEMPER
JAKE
OETTINGER
NINO
NIEDERREITER

EAST COAST

HOCKEY LEAGUE

  • 1.CHI2QUE4
  • 2.LIM2CHA3
  • 3.LON3TRV5
  • 4.BAL5CHW6
  • 5.MANPIT
  • 6.NHWATL
  • 7.PETWOR
  • 8.RHI